[Event "Turkish Second League 2019"]
[Site "Konya"]
[Date "2019.07.24"]
[Round "4"]
[White "Erdogmus, Yagiz Kaan"]
[Black "Ozcan, Kadir Kutay"]
[Result "1-0"]
[ECO "B33"]
[WhiteElo "1744"]
[BlackElo "1832"]
[Annotator "NA"]
[PlyCount "89"]
[EventDate "2019.07.22"]
[EventType "team-tourn"]
[EventCountry "TUR"]
[SourceTitle "playchess.com"]
[Source "ChessBase"]
[SourceQuality "1"]
[TimeControl "5400+30"]

1. e4 c5 2. Nf3 Nc6 3. d4 cxd4 4. Nxd4 Nf6 5. Nc3 e5 6. Ndb5 d6 7. Bg5 a6 8. Na3 b5 9. Nd5 Be7 10. Bxf6 Bxf6 11. c3 O-O 12. Nc2 Bg5 13. Bd3 Be6 14. Nce3 Ne7 15. Nxe7+ Qxe7 16. Qe2 Qa7 17. Nc2 Rac8 18. O-O Qc5 19. a4 bxa4 20. Rxa4 a5 21. Rfa1 Qb6 22. Bb5 Rc5 23. c4 Rfc8 24. Ne3 Qb7 25. Nd5 Bxd5 26. exd5 Bd8 27. b4 axb4 28. Ba6 Qb6 29. Bxc8 Rxc8 30. Rb1 Rb8 31. Qb2 f5 32. Rxb4 Qxb4 33. Qxb4 Rxb4 34. Rxb4 Be7 35. Rb7 Kf8 36. Kf1 e4 37. Ke2 Bf6 38. h3 Bd4 39. Rd7 Be5 40. Ke3 Ke8 41. Rb7 Kf8 42. g4 g6 43. Rxh7 Bb2 44. gxf5 gxf5 45. Kf4 1-0

[Event "Turkish Second League 2019"]
[Site "Konya"]
[Date "2019.07.24"]
[Round "4"]
[White "Mustu, Hatice Asli"]
[Black "Nesanir, Selin"]
[Result "1-0"]
[ECO "A43"]
[WhiteElo "1679"]
[BlackElo "1622"]
[Annotator "NA"]
[PlyCount "91"]
[EventDate "2019.07.22"]
[EventType "team-tourn"]
[EventCountry "TUR"]
[SourceTitle "playchess.com"]
[Source "ChessBase"]
[SourceQuality "1"]
[TimeControl "5400+30"]

1. d4 c5 2. d5 e6 3. e4 exd5 4. exd5 d6 5. Nc3 Nf6 6. Nf3 Be7 7. h3 O-O 8. Be3 a6 9. a4 Nbd7 10. Be2 Re8 11. O-O Nf8 12. Nd2 Bd7 13. a5 b5 14. axb6 Qxb6 15. Nc4 Qb7 16. b3 Ng6 17. f4 Bf8 18. Qd2 Bf5 19. g4 Ne4 20. Nxe4 Bxe4 21. Bf3 Bxf3 22. Rxf3 Nh4 23. Rff1 Ng6 24. Ra4 h6 25. Bf2 Red8 26. Bg3 Be7 27. Na5 Qc7 28. Nc6 Re8 29. Re1 Kf8 30. Rae4 a5 31. Qe2 Qd7 32. f5 Ne5 33. Bxe5 dxe5 34. Rxe5 Bf6 35. Rxe8+ Rxe8 36. Qxe8+ Qxe8 37. Rxe8+ Kxe8 38. Nxa5 Kd7 39. c4 Bd4+ 40. Kg2 Kd6 41. Nc6 Bc3 42. Kf3 g6 43. fxg6 fxg6 44. Ke4 Bd2 45. Ne5 g5 46. Nf7+ 1-0

[Event "Turkish Second League 2019"]
[Site "Konya"]
[Date "2019.07.24"]
[Round "4"]
[White "Cetinkaya, Umut Can"]
[Black "Temizkan, Denizcan"]
[Result "0-1"]
[ECO "C26"]
[WhiteElo "1639"]
[BlackElo "2202"]
[Annotator "NA"]
[PlyCount "46"]
[EventDate "2019.07.22"]
[EventType "team-tourn"]
[EventCountry "TUR"]
[SourceTitle "playchess.com"]
[Source "ChessBase"]
[SourceQuality "1"]
[TimeControl "5400+30"]

1. e4 e5 2. Nc3 Nf6 3. g3 d5 4. exd5 Nxd5 5. Bg2 Nxc3 6. bxc3 Bc5 7. Nf3 e4 8. Qe2 O-O 9. Nd4 Bxd4 10. cxd4 Qxd4 11. Rb1 Nc6 12. O-O f5 13. Bb2 Qa4 14. d3 Be6 15. Rfe1 Rae8 16. dxe4 f4 17. Qd2 Rd8 18. Qc3 Nd4 19. Qxc7 Qxc2 20. Qe5 Ne2+ 21. Kh1 Rf6 22. Qg5 h6 23. Qh5 Rf7 0-1

[Event "Turkish Second League 2019"]
[Site "Konya"]
[Date "2019.07.24"]
[Round "4"]
[White "Ilkbahar, Nimet Seray"]
[Black "Ozbek, Busra"]
[Result "1/2-1/2"]
[ECO "B01"]
[WhiteElo "1531"]
[BlackElo "1866"]
[Annotator "NA"]
[PlyCount "68"]
[EventDate "2019.07.22"]
[EventType "team-tourn"]
[EventCountry "TUR"]
[SourceTitle "playchess.com"]
[Source "ChessBase"]
[SourceQuality "1"]
[TimeControl "5400+30"]

1. e4 d5 2. exd5 Qxd5 3. Nc3 Qd8 4. d4 Nf6 5. Bc4 a6 6. Nf3 b5 7. Bb3 c5 8. dxc5 Qxd1+ 9. Nxd1 e6 10. O-O Bb7 11. Ne5 Bxc5 12. Be3 Nbd7 13. Nd3 Bd6 14. f3 O-O 15. a4 Bd5 16. Bxd5 Nxd5 17. Bf2 b4 18. Ne3 N7b6 19. Nxd5 Nxd5 20. Rac1 Rac8 21. Bd4 Rfd8 22. Rfd1 f6 23. c4 Nf4 24. Kf2 Nxd3+ 25. Rxd3 Bf4 26. Rcd1 Rxc4 27. g3 Rc2+ 28. Kf1 Bc7 29. R3d2 Kf7 30. Ke2 a5 31. Rxc2 Rd7 32. Ke3 e5 33. Ba7 Bd8 34. Rcd2 Ke6 1/2-1/2

[Event "Turkish Second League 2019"]
[Site "Konya"]
[Date "2019.07.24"]
[Round "4"]
[White "Guclu, Yagmur"]
[Black "Ayazmali, Gizem"]
[Result "1/2-1/2"]
[ECO "B22"]
[WhiteElo "1516"]
[BlackElo "1767"]
[Annotator "NA"]
[PlyCount "71"]
[EventDate "2019.07.22"]
[EventType "team-tourn"]
[EventCountry "TUR"]
[SourceTitle "playchess.com"]
[Source "ChessBase"]
[SourceQuality "1"]
[TimeControl "5400+30"]

1. e4 c5 2. c3 d5 3. exd5 Qxd5 4. d4 cxd4 5. cxd4 Nc6 6. Nf3 Bg4 7. Be2 e6 8. O-O Nf6 9. Nc3 Qd8 10. Be3 Be7 11. h3 Bh5 12. Qd2 O-O 13. Rfd1 Nb4 14. a3 Nbd5 15. Rac1 Nxc3 16. Qxc3 Nd5 17. Qb3 Qb6 18. Qxb6 axb6 19. g4 Bg6 20. Ne5 Nxe3 21. fxe3 Bg5 22. Rc3 Rac8 23. Nxg6 Rxc3 24. Ne7+ Bxe7 25. bxc3 Bxa3 26. Rb1 Rc8 27. c4 Be7 28. Rxb6 Rc7 29. c5 e5 30. Bf3 exd4 31. exd4 Rxc5 32. Rxb7 Rc1+ 33. Kf2 Bh4+ 34. Ke3 g6 35. d5 Bg5+ 36. Ke4 1/2-1/2

[Event "Turkish Second League 2019"]
[Site "Konya"]
[Date "2019.07.24"]
[Round "4"]
[White "Gunes, Deren"]
[Black "Sade, Defne"]
[Result "0-1"]
[ECO "C91"]
[WhiteElo "1266"]
[BlackElo "1897"]
[Annotator "NA"]
[PlyCount "110"]
[EventDate "2019.07.22"]
[EventType "team-tourn"]
[EventCountry "TUR"]
[SourceTitle "playchess.com"]
[Source "ChessBase"]
[SourceQuality "1"]
[TimeControl "5400+30"]

1. e4 e5 2. Nf3 Nc6 3. Bb5 a6 4. Ba4 Nf6 5. O-O Be7 6. Re1 b5 7. Bb3 d6 8. c3 O-O 9. d4 Bg4 10. Be3 Bh5 11. Nbd2 Re8 12. Rc1 Bf8 13. Qc2 Na5 14. Bg5 Nxb3 15. Qxb3 h6 16. Bxf6 Qxf6 17. d5 Reb8 18. a3 a5 19. Rc2 g5 20. h3 g4 21. hxg4 Bxg4 22. c4 b4 23. Nh2 Bd7 24. a4 Be7 25. Qg3+ Kh7 26. b3 Rg8 27. Qf3 Qg6 28. Ndf1 f5 29. exf5 Bxf5 30. Rce2 Raf8 31. Qg3 Qh5 32. Qf3 Qxf3 33. Nxf3 Bg4 34. Ng3 Bxf3 35. gxf3 h5 36. Kh1 Rxf3 37. Rb2 h4 38. Kg2 Rf6 39. Rh1 Rh6 40. Rbb1 hxg3 41. fxg3 Rf8 42. Rbe1 Rxh1 43. Rxh1+ Kg6 44. g4 Bg5 45. Re1 Rf4 46. Kg3 e4 47. Re3 Rxg4+ 48. Kxg4 Bxe3 49. Kh4 Kf5 50. Kg3 Bc5 51. Kg2 Kf4 52. Kf1 Ke3 53. Ke1 Kd3 54. Kd1 Bf2 55. Kc1 e3 0-1

[Event "Turkish Second League 2019"]
[Site "Konya"]
[Date "2019.07.25"]
[Round "5"]
[White "Bashirli, Nail"]
[Black "Yilmazyerli, Mert"]
[Result "1-0"]
[ECO "B09"]
[WhiteElo "2367"]
[BlackElo "2420"]
[Annotator "NA"]
[PlyCount "207"]
[EventDate "2019.07.22"]
[EventType "team-tourn"]
[EventCountry "TUR"]
[SourceTitle "playchess.com"]
[Source "ChessBase"]
[SourceQuality "1"]
[TimeControl "5400+30"]

1. e4 g6 2. d4 Bg7 3. Nc3 d6 4. f4 Nf6 5. Nf3 c5 6. dxc5 Qa5 7. Bd3 Qxc5 8. Qe2 O-O 9. Be3 Qa5 10. O-O Bg4 11. a3 Nc6 {[%emt 0:01:30] B09: Pirc Defence: Austrian Attack} 12. b4 Qd8 13. Rae1 Rc8 $146 ({Predecessor:} 13... Nh5 14. Qd2 Rc8 15. Ne2 e5 16. fxe5 Bxf3 17. gxf3 Nxe5 18. Rd1 a6 19. f4 {0-1 (35) Corrales Jimenez,F (2502)-Rojas Keim,L (2414) Montcada 2008}) 14. Qd2 Bxf3 15. gxf3 d5 16. Nxd5 Nxd5 17. exd5 Qxd5 18. c4 Qd7 19. Be4 Qxd2 20. Bxd2 Rfd8 21. Be3 Bb2 22. Rb1 Bd4 23. Kf2 Rc7 24. Rfd1 Rcd7 25. Ke2 e6 26. b5 Na5 27. c5 Bxe3 28. Rxd7 Rxd7 29. Kxe3 f5 30. Bd3 Rd5 31. Rc1 Nb3 32. Bc4 Rxc5 33. Rc2 Kf7 34. Bxb3 Rxb5 35. Rc7+ Kf6 36. Ba4 Ra5 37. Be8 e5 38. a4 exf4+ 39. Kd4 g5 40. Rf7+ Ke6 41. Rxh7 Rd5+ 42. Kc3 Rd8 43. Bb5 g4 44. fxg4 fxg4 45. Rg7 a6 46. Bd3 b5 47. Rxg4 Rh8 48. h4 Ke5 49. axb5 axb5 50. Rg5+ Ke6 51. h5 Kf6 52. Rxb5 Kg7 53. Kd4 Kh6 54. Ke4 Rf8 55. Kf3 Rf6 56. Bg6 Ra6 57. Kxf4 Rf6+ 58. Kg4 Rf8 59. Rb6 Rd8 60. Bf5+ Kg7 61. Kg5 Kh8 62. Rb7 Rg8+ 63. Kh6 Rg7 64. Bd7 Rg8 65. Bf5 $11 (65. Rb5 {mates} Rg7 66. Rb8+ Rg8 67. Rb5 Rg1 68. Be8 Rg7 69. Bg6 Rg8 70. Bf7) 65... Rg7 66. Rb6 Rg8 67. Bg6 Rg7 68. Rb8+ Rg8 69. Rb7 Rg7 70. Bf7 Rh7+ 71. Kg5 Rg7+ 72. Kf6 Kh7 73. Rb8 Kh6 74. Ke6 Rh7 75. Bg6 Ra7 76. Rh8+ Kg5 77. Bf7 Rb7 78. Rg8+ Kh6 79. Kf6 Rb6+ 80. Be6 Rb7 81. Ra8 Rc7 82. Rh8+ Rh7 83. Rg8 Rb7 84. Bf7 Rb6+ 85. Ke7 Kh7 86. Rg6 Rb7+ 87. Kf8 Rb8+ 88. Be8 Ra8 89. Rb6 Rc8 90. Ke7 Rc7+ 91. Bd7 Ra7 92. Rd6 Ra5 93. Bg4 Ra7+ 94. Kf6 Rg7 95. Bf3 Rg3 96. Be4+ Kh6 97. Kf5+ Kxh5 98. Rd1 Kh6 99. Kf4 Rg8 100. Rd7 Rf8+ 101. Bf5 Rh8 102. Kg4 Rg8+ 103. Kh4 Rh8 104. Be4 1-0

[Event "Turkish Second League 2019"]
[Site "Konya"]
[Date "2019.07.25"]
[Round "5"]
[White "Garayev, Kanan"]
[Black "Ozsakallioglu, Okan"]
[Result "1/2-1/2"]
[ECO "B22"]
[WhiteElo "2351"]
[BlackElo "2243"]
[Annotator "NA"]
[PlyCount "85"]
[EventDate "2019.07.22"]
[EventType "team-tourn"]
[EventCountry "TUR"]
[SourceTitle "playchess.com"]
[Source "ChessBase"]
[SourceQuality "1"]
[TimeControl "5400+30"]

1. e4 c5 2. Nf3 e6 3. c3 Nf6 4. e5 Nd5 5. d4 cxd4 6. cxd4 b6 7. Nc3 Nxc3 8. bxc3 Bb7 9. Bd3 Be7 10. Qe2 d6 11. O-O Nd7 12. exd6 Bxd6 13. h3 O-O 14. c4 h6 15. Bb2 Qe7 16. a4 Nf6 17. Ne5 Rfd8 18. f4 Nd7 19. Rae1 Bb4 20. Rd1 Nxe5 21. fxe5 Ba3 22. Ba1 Rac8 23. Rf4 Rc7 24. Rdf1 Qe8 25. Kh1 Bf8 26. Qg4 Ba6 27. Qe2 Qc6 28. Qh5 Bxc4 29. Bxc4 Qxc4 30. Rxf7 Rxf7 31. Qxf7+ Kh8 32. Kh2 a6 33. Rf6 Qxa4 34. Rxh6+ gxh6 35. Qf6+ Bg7 36. Qxd8+ Kh7 37. Bc3 Qc6 38. Bb4 Qe4 39. Qxb6 Qf4+ 40. Kh1 Qf1+ 41. Kh2 Qf4+ 42. Kg1 Qe3+ 43. Kf1 1/2-1/2

[Event "Turkish Second League 2019"]
[Site "Konya"]
[Date "2019.07.25"]
[Round "5"]
[White "Isik, Alparslan"]
[Black "Ucucu, Salih"]
[Result "1-0"]
[ECO "E04"]
[WhiteElo "2293"]
[BlackElo "1819"]
[Annotator "NA"]
[PlyCount "45"]
[EventDate "2019.07.22"]
[EventType "team-tourn"]
[EventCountry "TUR"]
[SourceTitle "playchess.com"]
[Source "ChessBase"]
[SourceQuality "1"]
[TimeControl "5400+30"]

1. d4 Nf6 2. c4 e6 3. Nf3 d5 4. g3 dxc4 5. Bg2 a6 6. O-O Nc6 7. e3 Bd6 8. Nfd2 O-O 9. Nxc4 Bd7 10. Nc3 Rb8 11. e4 b5 12. Nxd6 cxd6 13. e5 dxe5 14. dxe5 Ne8 15. Bf4 Nc7 16. Qh5 Qe8 17. Rfd1 Ne7 18. Bg5 Ned5 19. Bf6 Ne7 20. Ne4 Ncd5 21. Rxd5 exd5 22. Nd6 Qd8 23. Qg5 1-0

[Event "Turkish Second League 2019"]
[Site "Konya"]
[Date "2019.07.25"]
[Round "5"]
[White "Lomsadze, Davit"]
[Black "Zarkua, Davit"]
[Result "1/2-1/2"]
[ECO "A30"]
[WhiteElo "2292"]
[BlackElo "2440"]
[Annotator "NA"]
[PlyCount "65"]
[EventDate "2019.07.22"]
[EventType "team-tourn"]
[EventCountry "TUR"]
[SourceTitle "playchess.com"]
[Source "ChessBase"]
[SourceQuality "1"]
[TimeControl "5400+30"]

1. Nf3 Nf6 2. g3 g6 3. Bg2 Bg7 4. O-O O-O 5. d3 c5 6. c4 Nc6 7. Nc3 b6 8. Bd2 Bb7 9. Qc1 d5 10. cxd5 Nxd5 11. Bh6 Nf6 12. Bxg7 Kxg7 13. Rd1 Rc8 14. Qf4 Qd6 15. d4 Qxf4 16. gxf4 cxd4 17. Nxd4 Ba8 18. Nxc6 Bxc6 19. Bxc6 Rxc6 20. e3 Rfc8 21. Kg2 a6 22. Kf3 b5 23. a3 Rc4 24. Rd2 e6 25. Rd6 R8c6 26. Rad1 Rxd6 27. Rxd6 b4 28. axb4 Rxb4 29. Rxa6 Rxb2 30. Ra2 Rb3 31. Ne4 Nxe4 32. Kxe4 Rb1 33. Kf3 1/2-1/2

[Event "Turkish Second League 2019"]
[Site "Konya"]
[Date "2019.07.25"]
[Round "5"]
[White "Karaoglan, Doruk"]
[Black "Buyukasik, Diyap"]
[Result "1/2-1/2"]
[ECO "B25"]
[WhiteElo "2278"]
[BlackElo "2268"]
[Annotator "NA"]
[PlyCount "224"]
[EventDate "2019.07.22"]
[EventType "team-tourn"]
[EventCountry "TUR"]
[SourceTitle "playchess.com"]
[Source "ChessBase"]
[SourceQuality "1"]
[TimeControl "5400+30"]

1. e4 c5 2. Nc3 d6 3. g3 Nc6 4. Bg2 g6 5. d3 Bg7 6. f4 Nf6 7. Nf3 O-O 8. O-O Rb8 9. h3 b5 10. g4 b4 11. Ne2 Nd7 12. f5 Nce5 13. Nf4 Bb7 14. Nxe5 dxe5 15. Ne2 c4 16. dxc4 Nc5 17. Ng3 Qd4+ 18. Qxd4 exd4 19. Bf4 Rbd8 20. e5 Bxg2 21. Kxg2 Rd7 22. Rae1 d3 23. Be3 Rc8 24. f6 exf6 25. exf6 Bf8 26. Bxc5 Rxc5 27. cxd3 Ra5 28. Ra1 Rxd3 29. b3 h5 30. Rf3 Rd2+ 31. Rf2 Rxf2+ 32. Kxf2 hxg4 33. hxg4 Bc5+ 34. Kf3 Bd4 35. Rd1 Bxf6 36. Rd2 Be7 37. Ne4 f5 38. gxf5 Rxf5+ 39. Kg4 Kf7 40. Rd7 Ra5 41. Rd2 Ke6 42. Kf4 Rh5 43. Ke3 Rh3+ 44. Kd4 Rh4 45. Rg2 g5 46. Ke3 Kf5 47. Ng3+ Ke5 48. Re2 Rf4 49. Kd3+ Kd6 50. c5+ Kd7 51. c6+ Ke8 52. c7 Rf3+ 53. Kd4 Rc3 54. Ne4 Rxc7 55. Nxg5 Rd7+ 56. Kc4 Rc7+ 57. Kd4 Rd7+ 58. Kc4 Rc7+ 59. Kd3 Kd7 60. Ne4 a5 61. Rg2 Rc1 62. Rh2 Ra1 63. Kc4 Re1 64. Kd3 Rc1 65. Rh5 Bd8 66. Rh2 Be7 67. Kd4 Rg1 68. Rh5 a4 69. bxa4 Rg2 70. Nc5+ Bxc5+ 71. Kxc5 Rxa2 72. Kxb4 Kc6 73. Rh6+ Kb7 74. Ka5 Ra1 75. Rh7+ Kc6 76. Rh4 Kb7 77. Rh7+ Kc6 78. Ra7 Ra2 79. Ra8 Ra1 80. Rb8 Kc7 81. Rb4 Rh1 82. Ka6 Rh6+ 83. Ka7 Rh5 84. Rb5 Rh4 85. a5 Rc4 86. a6 Rc6 87. Rh5 Rc1 88. Rh6 Rc2 89. Rh7+ Kc8 90. Ka8 Rc1 91. Rb7 Rc6 92. Ka7 Rc1 93. Rb3 Kc7 94. Rh3 Kc8 95. Rh5 Kc7 96. Rb5 Rc2 97. Rb3 Rc1 98. Rh3 Rc2 99. Rh6 Rc1 100. Ka8 Rc2 101. Ka7 Rc1 102. Rh7+ Kc8 103. Kb6 Rb1+ 104. Ka7 Rc1 105. Ka8 Rc2 106. Rh4 Rc1 107. Rb4 Rc2 108. Ka7 Rc1 109. Rb5 Kc7 110. Rb7+ Kc8 111. Ka8 Rc2 112. Rh7 Rc1 1/2-1/2

[Event "Turkish Second League 2019"]
[Site "Konya"]
[Date "2019.07.25"]
[Round "5"]
[White "Babayev, Talib"]
[Black "Tasci, Onur"]
[Result "1-0"]
[ECO "B38"]
[WhiteElo "2274"]
[BlackElo "2063"]
[Annotator "NA"]
[PlyCount "109"]
[EventDate "2019.07.22"]
[EventType "team-tourn"]
[EventCountry "TUR"]
[SourceTitle "playchess.com"]
[Source "ChessBase"]
[SourceQuality "1"]
[TimeControl "5400+30"]

1. e4 c5 2. Nf3 g6 3. c4 Bg7 4. d4 cxd4 5. Nxd4 Nc6 6. Be3 Nf6 7. Nc3 O-O 8. Be2 d6 9. O-O Bd7 10. Nc2 Rc8 11. f3 Na5 12. Na3 Be6 13. b3 Ng4 14. Bd4 Bxd4+ 15. Qxd4 Nc6 16. Qd2 Qb6+ 17. Kh1 Nf2+ 18. Rxf2 Qxf2 19. Nc2 Qc5 20. Nd5 a6 21. Nce3 Bxd5 22. Nxd5 Rfe8 23. Rd1 Qf2 24. Nf4 e5 25. Nh3 Qh4 26. Bf1 Nd4 27. Qb4 Qe7 28. Nf2 h5 29. Qd2 Kg7 30. Nd3 b5 31. Nb4 Qb7 32. Nd5 f6 33. Qf2 b4 34. f4 Rf8 35. h4 a5 36. f5 gxf5 37. exf5 Kf7 38. Be2 Rh8 39. Rxd4 exd4 40. Qg3 Rce8 41. Qg6+ Kf8 42. Qxf6+ Kg8 43. Qg6+ Kf8 44. Qxd6+ Kf7 45. Bf3 Re1+ 46. Kh2 Rhe8 47. Bxh5+ Kg7 48. f6+ Kh6 49. Bxe8 Kh7 50. f7 Rf1 51. Nf4 Qe4 52. f8=Q Rh1+ 53. Kxh1 Qe1+ 54. Kh2 Qxh4+ 55. Nh3 1-0

[Event "Turkish Second League 2019"]
[Site "Konya"]
[Date "2019.07.25"]
[Round "5"]
[White "Ozenir, Ekin Baris"]
[Black "Zor, Alber Kadir"]
[Result "1-0"]
[ECO "D20"]
[WhiteElo "2235"]
[BlackElo "2160"]
[Annotator "ChessBase"]
[PlyCount "129"]
[EventDate "2019.07.22"]
[EventType "team-tourn"]
[EventCountry "TUR"]
[SourceTitle "playchess.com"]
[Source "ChessBase"]
[SourceQuality "1"]
[TimeControl "5400+30"]

1. d4 d5 2. c4 dxc4 3. e4 Nc6 4. d5 Ne5 5. Nf3 Nxf3+ 6. Qxf3 e6 7. Bxc4 exd5 8. Bxd5 Nf6 9. Bb3 Bb4+ 10. Nc3 Qe7 11. O-O O-O 12. Bg5 c6 13. Rfe1 Qe5 14. Bf4 Qh5 15. Qxh5 Nxh5 16. Bd2 Be6 17. e5 Bxc3 18. bxc3 g6 19. Rad1 Bxb3 20. axb3 f6 21. Bh6 Ng7 22. exf6 Rxf6 23. Bxg7 Kxg7 24. Re7+ Rf7 25. Rxf7+ Kxf7 26. Rd7+ Ke6 27. Rxb7 Rd8 28. Kf1 Rd1+ 29. Ke2 Rb1 30. Rxa7 Rxb3 31. Rxh7 Rxc3 32. Rg7 Rc2+ 33. Kd3 Rxf2 34. Rxg6+ Kf7 35. Rg5 Ra2 36. h4 Ra3+ 37. Ke2 Kf6 38. Rc5 Kg6 39. Rxc6+ Kh5 40. Rc4 Rg3 41. Kf2 Ra3 42. Kg1 Rb3 43. Kh2 Ra3 44. g3 Ra1 45. Kg2 Ra5 46. Kh3 Ra3 47. Rc5+ Kh6 48. h5 Rb3 49. Kh4 Rb4+ 50. g4 Ra4 51. Rc6+ Kh7 52. h6 Ra1 53. Kh5 Ra2 54. Rc7+ Kh8 55. g5 Ra5 56. Re7 Kg8 57. Kg6 Ra6+ 58. Kf5 Ra1 59. Kf6 Rf1+ 60. Kg6 Rf8 61. Kh5 Rf1 62. Ra7 Rb1 63. Ra8+ Kf7 64. g6+ Kf6 65. Rf8+ 1-0

[Event "Turkish Second League 2019"]
[Site "Konya"]
[Date "2019.07.25"]
[Round "5"]
[White "Kara, Yanki"]
[Black "Metin, Mehmet"]
[Result "0-1"]
[ECO "A35"]
[WhiteElo "2193"]
[BlackElo "2150"]
[Annotator "NA"]
[PlyCount "44"]
[EventDate "2019.07.22"]
[EventType "team-tourn"]
[EventCountry "TUR"]
[SourceTitle "playchess.com"]
[Source "ChessBase"]
[SourceQuality "1"]
[TimeControl "5400+30"]

1. Nf3 c5 2. c4 Nc6 3. Nc3 e5 4. e3 f5 5. d4 e4 6. d5 exf3 7. dxc6 dxc6 8. Qxf3 Nf6 9. Be2 Bd6 10. h3 O-O 11. g3 Qe7 12. Bd3 Be5 13. Bd2 Ne4 14. Rc1 Nxd2 15. Kxd2 Be6 16. Qe2 b5 17. cxb5 cxb5 18. Bxb5 Rab8 19. b3 Qd8+ 20. Bd3 c4 21. bxc4 Rb2+ 22. Rc2 Qa5 0-1

[Event "Turkish Second League 2019"]
[Site "Konya"]
[Date "2019.07.25"]
[Round "5"]
[White "Alumert, Orkun Efe"]
[Black "Kizilkus, Akin"]
[Result "0-1"]
[ECO "A49"]
[WhiteElo "2151"]
[BlackElo "2162"]
[Annotator "NA"]
[PlyCount "88"]
[EventDate "2019.07.22"]
[EventType "team-tourn"]
[EventCountry "TUR"]
[SourceTitle "playchess.com"]
[Source "ChessBase"]
[SourceQuality "1"]
[TimeControl "5400+30"]

1. Nf3 Nf6 2. g3 g6 3. b3 Bg7 4. Bb2 O-O 5. Bg2 d6 6. d4 c5 7. O-O cxd4 8. Nxd4 d5 9. Na3 e5 10. Nf3 e4 11. Nd4 Re8 12. c4 a6 13. cxd5 Nxd5 14. e3 b5 15. Qd2 Bb7 16. Rac1 Qb6 17. Nac2 Nd7 18. Rfd1 Rad8 19. Nb4 Nxb4 20. Qxb4 Ne5 21. Qc5 Qxc5 22. Rxc5 Ba8 23. Bf1 Nf3+ 24. Kg2 Nxd4 25. Bxd4 Bxd4 26. Rxd4 Rxd4 27. exd4 Rd8 28. Rc1 Kg7 29. Rd1 Rc8 30. Kg1 Bd5 31. Rd2 Rc1 32. f3 exf3 33. Kf2 f5 34. a4 bxa4 35. bxa4 Ra1 36. Bxa6 Rxa4 37. Bb5 Rb4 38. Bd7 Kf6 39. h4 Ke7 40. Bc8 Ra4 41. g4 Kd8 42. Rc2 Be4 43. Rc1 f4 44. g5 Ra2+ 0-1

[Event "Turkish Second League 2019"]
[Site "Konya"]
[Date "2019.07.25"]
[Round "5"]
[White "Tepe, Efe Can"]
[Black "Demirag, Gokhan"]
[Result "1/2-1/2"]
[ECO "B91"]
[WhiteElo "2150"]
[BlackElo "1974"]
[Annotator "NA"]
[PlyCount "73"]
[EventDate "2019.07.22"]
[EventType "team-tourn"]
[EventCountry "TUR"]
[SourceTitle "playchess.com"]
[Source "ChessBase"]
[SourceQuality "1"]
[TimeControl "5400+30"]

1. e4 c5 2. Nf3 d6 3. d4 cxd4 4. Nxd4 Nf6 5. Nc3 a6 6. g3 e5 7. Nde2 Nbd7 8. Bg2 b5 9. O-O Bb7 10. Nd5 Nxd5 11. exd5 Be7 12. f4 O-O 13. Kh1 Rc8 14. fxe5 dxe5 15. Nc3 f5 16. d6 Bxg2+ 17. Kxg2 Bg5 18. Qd5+ Kh8 19. Bxg5 Qxg5 20. Qe6 b4 21. Qxd7 bxc3 22. b3 Rcd8 23. Qe6 Qd2+ 24. Rf2 Qxd6 25. Qxd6 Rxd6 26. Re1 Rd5 27. Re3 g5 28. Rxc3 f4 29. gxf4 exf4 30. Kf3 Re5 31. Kg4 Kg7 32. Kh5 Rf6 33. Rc7+ Kg8 34. Rc8+ Kg7 35. Rc7+ Kg8 36. Rc8+ Kg7 37. Rc7+ 1/2-1/2

[Event "Turkish Second League 2019"]
[Site "Konya"]
[Date "2019.07.25"]
[Round "5"]
[White "Demirbag, Alihan"]
[Black "Temizkan, Denizcan"]
[Result "0-1"]
[ECO "C50"]
[WhiteElo "2087"]
[BlackElo "2202"]
[Annotator "NA"]
[PlyCount "172"]
[EventDate "2019.07.22"]
[EventType "team-tourn"]
[EventCountry "TUR"]
[SourceTitle "playchess.com"]
[Source "ChessBase"]
[SourceQuality "1"]
[TimeControl "5400+30"]

1. e4 e5 2. Nf3 Nc6 3. Bc4 Be7 4. d4 d6 5. h3 Nf6 6. Nc3 O-O 7. O-O a6 8. a4 Bd7 9. dxe5 Nxe5 10. Nxe5 dxe5 11. Qe2 c6 12. Rd1 b5 13. Bb3 Qc7 14. Bg5 Rfd8 15. Rd3 h6 16. Bh4 Be8 17. Rad1 g5 18. Bg3 Kg7 19. Rxd8 Rxd8 20. Rd3 Nd7 21. axb5 axb5 22. Nd1 Nc5 23. Rxd8 Bxd8 24. Ne3 Nxb3 25. Nf5+ Kg6 26. cxb3 Bd7 27. Qd3 Bxf5 28. exf5+ Kf6 29. f3 Be7 30. Qe4 Qd6 31. Bf2 Qd1+ 32. Kh2 Qd5 33. Kh1 Bd6 34. g4 Ke7 35. Kg2 Kd7 36. Qc2 f6 37. Be3 Bb4 38. Bf2 Kd6 39. Be3 Be1 40. Qe2 Ba5 41. Qc2 Bb4 42. Kf2 Bc5 43. Qc3 Bd4 44. Qb4+ Qc5 45. Qd2 Qd5 46. Qb4+ Qc5 47. Qd2 Kc7 48. Ke2 Bxe3 49. Qxe3 Qxe3+ 50. Kxe3 c5 51. Kd3 Kc6 52. Kc3 Kd5 53. Kd3 b4 54. Ke3 c4 55. Kd2 Kd4 56. bxc4 Kxc4 57. Kc2 b3+ 58. Kd2 Kd4 59. Ke2 e4 60. fxe4 Kxe4 61. Kd2 Kd4 62. Ke2 Ke4 63. Kd2 Kf3 64. Kc3 Kg3 65. Kxb3 Kxh3 66. Kc4 Kxg4 67. b4 h5 68. b5 h4 69. b6 h3 70. b7 h2 71. b8=Q h1=Q 72. Kd3 Qf3+ 73. Kc2 Qxf5+ 74. Kd1 Qd3+ 75. Kc1 f5 76. Qh2 Qe3+ 77. Kd1 f4 78. Qh7 f3 79. Qd7+ Kg3 80. Qc7+ Qf4 81. Qc3 Kg2 82. Kc2 f2 83. Qc6+ Qf3 84. Qc5 g4 85. Kd2 f1=N+ 86. Ke1 Qe3+ 0-1

[Event "Turkish Second League 2019"]
[Site "Konya"]
[Date "2019.07.25"]
[Round "5"]
[White "Buke, Furkan"]
[Black "Oztekin, Kerem Can"]
[Result "1-0"]
[ECO "B70"]
[WhiteElo "1959"]
[BlackElo "1933"]
[Annotator "NA"]
[PlyCount "105"]
[EventDate "2019.07.22"]
[EventType "team-tourn"]
[EventCountry "TUR"]
[SourceTitle "playchess.com"]
[Source "ChessBase"]
[SourceQuality "1"]
[TimeControl "5400+30"]

1. e4 c5 2. Nf3 g6 3. d4 cxd4 4. Nxd4 Bg7 5. Nc3 Nc6 6. Nde2 d6 7. g3 Nf6 8. Bg2 O-O 9. O-O Bd7 10. h3 Ne5 11. Nd4 Rc8 12. Nd5 Bc6 13. b3 b5 14. Bb2 e6 15. Nxf6+ Bxf6 16. f4 Nd7 17. Nxc6 Qb6+ 18. Nd4 e5 19. c3 b4 20. c4 exd4 21. Kh2 Rfe8 22. Qd2 Nc5 23. Rae1 a5 24. Qd1 Na6 25. Qf3 Rc7 26. Qf2 Nb8 27. e5 dxe5 28. Bxd4 exd4 29. Rxe8+ Kg7 30. Qf3 Nc6 31. Qd5 Ne7 32. Qa8 d3 33. Rb8 Qe3 34. Qe4 Qxe4 35. Bxe4 d2 36. Rd8 Bc3 37. Rd1 Nc6 38. R1xd2 Bxd2 39. Rxd2 a4 40. bxa4 Na5 41. Bd5 Kf6 42. Rb2 Re7 43. Kg2 Re3 44. Rxb4 Re2+ 45. Kf3 Rxa2 46. g4 Ra3+ 47. Ke4 h6 48. h4 Rg3 49. g5+ hxg5 50. hxg5+ Ke7 51. c5 f5+ 52. gxf6+ Kxf6 53. Rb5 1-0

[Event "Turkish Second League 2019"]
[Site "Konya"]
[Date "2019.07.25"]
[Round "5"]
[White "Yildizak, Goksel"]
[Black "Buker, Muhittin"]
[Result "1/2-1/2"]
[ECO "E17"]
[WhiteElo "1950"]
[BlackElo "2016"]
[Annotator "NA"]
[PlyCount "97"]
[EventDate "2019.07.22"]
[EventType "team-tourn"]
[EventCountry "TUR"]
[SourceTitle "playchess.com"]
[Source "ChessBase"]
[SourceQuality "1"]
[TimeControl "5400+30"]

1. d4 Nf6 2. Nf3 e6 3. g3 d5 4. Bg2 Be7 5. O-O O-O 6. b3 Nbd7 7. Nbd2 b6 8. c4 Bb7 9. Bb2 c5 10. e3 cxd4 11. exd4 Rc8 12. a3 Rc7 13. Ne5 Qa8 14. Rc1 Rfc8 15. Re1 dxc4 16. Bxb7 Qxb7 17. bxc4 Nxe5 18. Rxe5 Nd7 19. Re1 Bg5 20. f4 Bf6 21. Ne4 Be7 22. Qe2 Qa6 23. Nd2 Bf6 24. Ne4 Be7 25. Nd2 Rc6 26. Kg2 Bf8 27. Qf3 Qa5 28. Re2 Nf6 29. Rce1 b5 30. c5 Qd8 31. Ne4 Nxe4 32. Qxe4 g6 33. g4 R6c7 34. f5 exf5 35. gxf5 Qg5+ 36. Kh1 Re7 37. Qf3 Rce8 38. Rxe7 Rxe7 39. Rxe7 Qxe7 40. fxg6 Qe1+ 41. Kg2 hxg6 42. Bc3 Qc1 43. c6 Qc2+ 44. Kf1 Bd6 45. d5 Qc1+ 46. Kg2 Qc2+ 47. Kf1 Qc1+ 48. Kg2 Qc2+ 49. Kf1 1/2-1/2